 Dungeon Crawl Stone Soup version 0.22.0-6-g71bd7aa6b3 (webtiles) character file.

70 Morrissey the Skirmisher (level 4, -1/29 HPs)
             Began as a Gargoyle Fighter on Aug 14, 2018.
             Killed by divine providence
             ... invoked by an orc priest
              (11 damage)
             ... on level 3 of the Dungeon.
             The game lasted 00:02:01 (898 turns).

Morrissey the Skirmisher (Gargoyle Fighter)          Turns: 898, Time: 00:02:02

Health: -1/29      AC: 10    Str: 20    XL:     4   Next: 21%
Magic:  4/4        EV:  7    Int:  9    God:
Gold:   73         SH:  9    Dex:  9    Spells: 3/3 levels left

rFire    . . .     SeeInvis .   a - +0 flail
rCold    . . .     Gourm    .   c - +0 shield
rNeg     + . .     Faith    .   b - +0 scale mail
rPois    ∞         Spirit   .   (no helmet)
rElec    +         Reflect  .   (no cloak)
rCorr    .         Harm     .   (no gloves)
MR       .....                  (no boots)
Stlth    ..........             (no amulet)
HPRegen  0.09/turn              (no ring)
MPRegen  0.09/turn              (no ring)

@: no status effects
A: negative energy resistance 1, electricity resistance, unbreathing,
petrification resistance, rot immunity, AC +3
a: no special abilities


You were on level 3 of the Dungeon.
You were not hungry.

You visited 1 branch of the dungeon, and saw 4 of its levels.

You collected 73 gold pieces.

Inventory:

Hand Weapons
 a - a +0 flail (weapon)
Armour
 b - a +0 scale mail (worn)
 c - a +0 shield (worn)
Wands
 k - a wand of flame (8)
Scrolls
 h - a scroll of blinking {unknown}
 i - a scroll of enchant armour {unknown}
Potions
 d - a potion of might
 e - 2 potions of agility {unknown}
 j - a potion of brilliance {unknown}
Comestibles
 f - 2 rations
 g - 2 chunks of flesh


   Skills:
 + Level 4.0 Fighting
 + Level 2.7 Maces & Flails
 + Level 3.9 Armour
 + Level 3.9 Shields


You had 3 spell levels left.
You didn't know any spells.
Your spell library contained the following spells:

 Spells                   Type           Power        Failure   Level  Hunger
 Confuse                  Hex            #.......     100%        3    ####...
 Tukima's Dance           Hex            #.......     100%        3    ####...
 Ensorcelled Hibernation  Hex/Ice        #.....       100%        2    ###....
 Corona                   Hex            #......      99%         1    ##.....
 Dazzling Spray           Conj/Hex       #.....       100%        3    ####...


Dungeon Overview and Level Annotations

Branches:
Dungeon (4/15)
 Temple: D:4-7

Altars:
Nemelex Xobeh
Vehumet
Yredelemnul


Innate Abilities, Weirdness & Mutations

You are resistant to torment.
Your stone body is resilient. (AC +3)
You are immune to poison.
You resist negative energy. (rN+)
You are resistant to electric shocks. (rElec)
You can survive without breathing.
You are immune to petrification.
You are immune to rotting.


Message History

You closely miss the orc priest.
The orc priest is severely wounded.
The orc priest hits you but does no damage.
An orc comes into view. It is wielding a club.
You closely miss the orc priest.
The orc priest is severely wounded.
The orc shouts!
The orc priest mumbles some strange prayers to Beogh against you.
Beogh smites you!
Ouch! That really hurt!
* * * LOW HITPOINT WARNING * * *
You hit the orc.
The orc is moderately wounded.
The orc priest calls upon Beogh to heal the orc priest.
The orc priest is healed somewhat.
The orc priest calls upon Beogh to heal the orc priest.
The orc priest's wounds heal themselves!
The orc priest mumbles some strange prayers to Beogh against you.
Beogh smites you!
You die...

##.###########
..oooo.o@....+
##.#####.##.##
#.# #.# #.#
#.# #.# #.#


You could see 2 orc priests and 3 orcs.

Vanquished Creatures
  A worker ant (D:4)
  An adder skeleton (D:2)
  A worm (D:2)
  2 dart slugs
  3 bats (D:1)
  2 gnoll zombies (D:2)
  6 goblins
  7 hobgoblins
  5 kobolds
  A frilled lizard (D:1)
  3 rats (D:1)
32 creatures vanquished.

Notes
Turn   | Place    | Note
-------+----------+-------------------------------------------
     0 | D:1      | Morrissey the Gargoyle Fighter began the quest for the Orb.
     0 | D:1      | Reached XP level 1. HP: 14/14 MP: 1/1
    35 | D:1      | Reached XP level 2. HP: 17/19 MP: 2/2
   373 | D:1      | Reached XP level 3. HP: 23/23 MP: 3/3
   615 | D:2      | Found a basalt altar of Yredelemnul.
   694 | D:2      | Found a sparkling altar of Nemelex Xobeh.
   696 | D:2      | Found a radiant altar of Vehumet.
   697 | D:2      | You fall through a shaft for 2 floors!
   739 | D:4      | Reached skill level 4 in Fighting
   739 | D:4      | Reached XP level 4. HP: 17/29 MP: 4/4
   898 | D:3      | Killed from afar by an orc priest

Skill      XL: |  1  2  3 |
---------------+----------+-----
Fighting       | 4 |  4.0
Maces & Flails | |  2.7
Armour         | |  3.9
Shields        | |  3.9

Action                   |  1- 3 |  4- 6 || total
-------------------------+-------+-------++-------
Melee: Flail             |   112 |     6 ||   118
Armor: Scale mail        |    56 |     2 ||    58
Dodge: Dodged            |    37 |     2 ||    39
Block: Shield            |    59 |       ||    59
